 Dungeon Crawl Stone Soup version 0.31-a0-1072-g202bf7ea07 (webtiles) character file.

Game seed: 2289799588251051264

7 Baz the Slasher (level 2, 0/18 HPs)
             Began as a Gargoyle Gladiator on Nov 26, 2023.
             Slain by a scorpion (4 damage)
             ... on level 2 of the Dungeon.
             The game lasted 00:01:00 (164 turns).

Baz the Slasher (Gargoyle Gladiator)                 Turns: 164, Time: 00:01:00

Health: 0/18       AC:  6    Str: 17    XL:     2   Next: 0%
Magic:  2/2        EV: 12    Int:  8    God:
Gold:   0          SH:  0    Dex: 11    Spells: 1/1 levels left

rFire   . . .        a - +0 long sword
rCold   . . .        (no shield)
rNeg    + . .        b - +0 leather armour rPois โˆž
                     c - +0 helmet
rElec   +            (no cloak)
rCorr   .            (no gloves)
SInv    .            (no boots)
Will    .....        (no amulet)
Stlth   +            (no ring)
HPRegen 0.23/turn    (no ring)
MPRegen 0.08/turn

%: no passive effects
@: no status effects
A: sickness immunity, AC +2, negative energy resistance 1, electricity
resistance, torment resistance 1, petrification resistance
a: no special abilities


You were on level 2 of the Dungeon.
You visited 1 branch of the dungeon, and saw 2 of its levels.

Inventory:

Hand Weapons
 a - a +0 long sword (weapon)
Missiles
 d - 3 throwing nets (quivered)
 e - a javelin
Armour
 b - a +0 leather armour (worn)
 c - a +0 helmet (worn)


   Skills:
 + Level 2.3 Fighting
 * Level 2.9 Long Blades
 - Level 1.7 Throwing
 + Level 0.4 Armour
 + Level 2.5 Dodging


You had one spell level left.
You didn't know any spells.
Your spell library was empty.

Dungeon Overview and Level Annotations

Branches:
Dungeon (1/15) Zot: 11827

Altars:


Innate Abilities, Weirdness & Mutations

You are immune to sickness and miasma.
Your stone body is resilient. (AC +2)
You are immune to poison.
You resist negative energy. (rN+)
You are resistant to electric shocks. (rElec)
You are resistant to unholy torment.
You are immune to petrification.


Message History

The dart slug closely misses you. The adder closely misses you.
As you read the scroll labelled QOSADGH BOQIYTEU, it crumbles to dust.
It is a scroll of identify.
You don't currently have any unidentified items.
The adder bites you but does no damage. The dart slug launches a dart at you.
The slug dart hits you.
You hit the adder but do no damage.
The scorpion splashes around in the water.
The adder closely misses you. The scorpion completely misses you.
The adder bites you but does no damage.
You aren't carrying any potions.
Unknown command.
You enter the shallow water.
Moving in this stuff is going to be slow.
The dart slug attacks as it pursues you!
The dart slug bites you but does no damage.
You slash the scorpion!
The scorpion is heavily wounded.
The adder barely misses you. The scorpion barely misses you.
The adder bites you. The scorpion stings you.
The dart slug bites you but does no damage.
The scorpion stings you. The adder barely misses you.
The scorpion barely misses you. The adder barely misses you.
The scorpion stings you.
* * * LOW HITPOINT WARNING * * *
The adder bites you but does no damage.
You see here 13 gold pieces.
You barely miss the scorpion.
The scorpion is heavily wounded.
The scorpion barely misses you.
The scorpion stings you but does no damage.
You closely miss the scorpion.
The scorpion is heavily wounded.
The scorpion barely misses you.
You hit the scorpion.
The scorpion is almost dead.
The scorpion stings you.
You die...

..#...#...#...## .
##.###.####..##
#~โ‰ˆ~#~~~#.#...#
~.โ‰ˆ~~.~~~..#...#
~~~~~~~~~~~#!..#
.~~~~~~~~~~#ยง..#
#P......KS##...#
#...#...#s##..##
.....#..##@#...
.#....# ###...#
#P#P. #sg.# # #.
#...# #...#


You could see a scorpion, an adder and a kobold.

Vanquished Creatures
  A dart slug (D:1)
  A bat (D:1)
  An endoplasm (D:1)
  A giant cockroach (D:1)
4 creatures vanquished.

Notes
Turn   | Place    | Note
-------+----------+-------------------------------------------
     0 | D:1      | Baz the Gargoyle Gladiator began the quest for the Orb.
     0 | D:1      | Reached XP level 1. HP: 12/12 MP: 1/1
    96 | D:1      | Reached XP level 2. HP: 16/18 MP: 2/2
   123 | D:1      | You fall into a shaft and drop 1 floor!
   139 | D:2      | Noticed a scorpion
   164 | D:2      | Slain by a scorpion

Illustrated notes

Levels and vault maps discovered:
D:1:      minmay_arrival_loop, layout_basic, shapermc_ecumenical_altar_gd
D:2:      wad_lake_hut, layout_rooms

Action                     || total
---------------------------++-------
  Melee: Long sword        ||    24
    Use: Scroll            ||     2
 Armour: Leather armour    ||    28
  Dodge: Dodged            ||    27

Table legend: (Time is in decaauts)
 A = Elapsed time spent in this place.
 B = Non-inter-level travel time spent in this place.
 C = Inter-level travel time spent in this place.
 D = Time resting spent in this place.
 E = Time spent auto-exploring this place.
 F = Levels seen in this place.
 G = Mean time per level.
                   A        B        C        D        E       F      G
               +--------+--------+--------+--------+--------+-----+--------+
         Total |    171 |    171 |      0 |      0 |     81 |   2 |   85.5 |
       Dungeon |    171 |    171 |      0 |      0 |     81 |   2 |   85.5 |
               +--------+--------+--------+--------+--------+-----+--------+

Top non-repeatable levels by time:
     D:1: 126 daAuts
     D:2: 45 daAuts
